Saguenéens vs River Frogs
(R1)
Created - May 19, 2020 at 19:34
Goals
|
| Saguenéens |
3 |
1 |
4 |
8 |
| River Frogs |
1 |
0 |
2 |
3 |
|
Shots
|
| Saguenéens |
11 |
10 |
10 |
31 |
| River Frogs |
7 |
12 |
19 |
38 |
|
1st period
1. Saguenéens , Mark Stone 3 (Nick Mattson 4, Craig Cunningham 3) at 7:12
2. Saguenéens , Alexander Wennberg 7 (Mason Raymond 5, Julius Honka 2) at 8:44
3. Saguenéens , Tobias Rieder 4 (Carl Hagelin 4, Henrik Samuelsson 1) at 9:15
4. River Frogs , Andrew Gordon 3 (David Kolomatis 1, Leon Draisaitl 4) at 11:21 (PP)
Penalties :
Seth Helgeson (Chi) for Hooking (Minor) at 11:14, Joe Cannata (Chi) for Slashing (Minor) at 12:23 - Seth Helgeson served the penalty
2nd period
5. Saguenéens , Mark Stone 4 (Tobias Rieder 3, Duncan Siemens 3) at 3:21
Penalties :
Nick Mattson (Chi) for Hooking (Minor) at 2:17, Leon Draisaitl (Lou) for Goalie Interference (Minor) at 2:26, Aaron Ness (Lou) for High sticking (Minor) at 8:06, Anthony Bitetto (Lou) for Hooking (Minor) at 12:05, Matt Calvert (Lou) for Tripping (Minor) at 17:40
3rd period
6. River Frogs , Matt Calvert 2 (David Kolomatis 2, Andrew Gordon 2) at 1:05 (PP)
7. Saguenéens , Mark Stone 5 (Robert Hagg 4, Patrick Sieloff 6) at 2:06
8. Saguenéens , Alexander Wennberg 8 (Garnet Hathaway 3, Mason Raymond 6) at 2:41
9. Saguenéens , Mason Raymond 1 (Alexander Wennberg 3, Garnet Hathaway 4) at 2:56
10. River Frogs , Andrew Gordon 4 (Leon Draisaitl 5, Matt Calvert 2) at 4:33 (PP)
11. Saguenéens , Patrick Sieloff 1 (Garnet Hathaway 5, Alexander Wennberg 4) at 18:41 (PP)
Penalties :
Alexander Wennberg (Chi) for Hooking (Minor) at 0:52, Nick Mattson (Chi) for Roughing (Minor) at 4:28, Duncan Siemens (Chi) for Tripping (Minor) at 7:33, Patrick Sieloff (Chi) for Holding (Minor) at 10:24, Seth Helgeson (Chi) for Hooking (Minor) at 11:49, Anthony Bitetto (Lou) for Roughing (Minor) at 14:13, Henrik Samuelsson (Chi) for Hooking (Minor) at 16:16, James Livingstone (Lou) for Tripping (Minor) at 18:25
Goalie Stats
Joe Cannata (Chi), 35 saves from 38 shots - (0.921), W, 3-0-0, 60:00 minutes
Phoenix Copley (Lou), 11 saves from 15 shots - (0.733), 36:39 minutes
François Brassard (Lou), 12 saves from 16 shots - (0.750), L, 0-1-0, 23:21 minutes
Players Stats for Saguenéens
Player Name G A P +/- PIM S H SB GA TA FO MP PP MP PK MP
------------------------------------------------------------------------------------
Alexander Wennberg 2 2 4 3 2 3 1 1 0 0 11/33 17:13 4:34 0:00
Carl Hagelin 0 1 1 1 0 0 1 0 0 0 0/0 14:43 3:38 0:00
Craig Cunningham 0 1 1 2 0 0 1 0 0 1 0/0 12:21 0:20 1:02
Duncan Siemens 0 1 1 2 2 0 2 0 0 0 0/0 11:47 0:00 0:44
Garnet Hathaway 0 3 3 3 0 2 1 1 1 0 4/11 24:42 4:29 5:14
Henrik Samuelsson 0 1 1 1 2 1 1 0 0 0 7/13 14:50 3:38 0:07
Julius Honka 0 1 1 1 0 1 0 1 0 2 0/0 12:08 0:03 2:54
Mark Stone 3 0 3 3 0 6 3 0 1 0 1/1 13:09 0:00 2:44
Mason Raymond 1 2 3 3 0 1 1 0 1 0 3/6 23:25 4:34 4:54
Mattias Janmark 0 0 0 2 0 2 0 0 0 0 1/7 10:04 0:00 0:09
Mike Amadio 0 0 0 0 0 0 0 0 0 0 1/3 4:51 0:00 0:00
Nick Mattson 0 1 1 4 4 2 2 1 0 2 0/0 28:16 4:42 5:44
Patrick Sieloff 1 1 2 1 2 2 0 3 0 0 0/0 19:54 3:39 3:18
Rhett Rakhshani 0 0 0 0 0 0 0 0 0 0 0/0 6:10 0:09 0:00
Robert Hagg 0 1 1 1 0 1 0 2 0 0 0/0 21:02 3:39 4:10
Seth Helgeson 0 0 0 5 4 4 3 2 0 0 0/0 27:44 4:42 3:32
Teemu Pulkkinen 0 0 0 0 0 3 1 1 1 0 1/1 7:17 0:00 1:49
Tobias Rieder 1 1 2 2 0 3 3 1 0 0 0/0 17:57 3:38 2:44
Players Stats for River Frogs
Player Name G A P +/- PIM S H SB GA TA FO MP PP MP PK MP
------------------------------------------------------------------------------------
Aaron Ness 0 0 0 -3 2 2 0 1 0 0 0/0 22:39 4:06 2:07
Andrew Gordon 2 1 3 -3 0 6 2 0 1 0 8/11 24:25 5:03 4:32
Anthony Bitetto 0 0 0 -4 4 1 1 1 1 2 0/0 31:05 5:29 2:19
Austin Watson 0 0 0 -2 0 1 1 0 0 0 1/1 9:26 0:00 0:00
Beau Starrett 0 0 0 0 0 0 0 0 0 0 0/0 0:00 0:00 0:00
David Kolomatis 0 2 2 -4 0 4 3 1 0 2 0/0 30:29 5:49 5:19
Dillon Heatherington 0 0 0 -1 0 0 0 1 0 0 0/0 11:39 0:20 2:04
Emerson Etem 0 0 0 -1 0 4 0 1 2 0 1/1 17:40 4:26 2:05
Francis Perron 0 0 0 -1 0 0 0 0 0 0 0/0 3:55 0:00 2:17
James Livingstone 0 0 0 -2 2 1 1 1 0 0 0/0 9:25 0:00 0:00
Jared Knight 0 0 0 -1 0 2 5 1 0 0 10/17 15:51 4:26 0:14
Joakim Nordstrom 0 0 0 0 0 1 2 0 0 0 0/0 8:22 0:00 1:28
Justin Florek 0 0 0 -1 0 2 1 1 0 0 0/0 15:28 4:26 0:00
Leon Draisaitl 0 2 2 -3 2 6 4 0 1 0 21/32 23:10 5:05 4:33
Mario Lucia 0 0 0 -1 0 0 1 0 0 0 0/0 1:14 0:23 0:00
Matt Calvert 1 1 2 -3 2 4 2 0 0 0 0/2 19:19 5:08 1:33
Maxim Mamin 0 0 0 0 0 0 1 0 0 0 2/3 5:39 0:00 0:00
Ondrej Kase 0 0 0 0 0 1 0 0 0 0 0/1 6:00 0:21 0:00
Richard Nejezchleb 0 0 0 0 0 0 0 0 0 0 0/0 1:44 0:26 0:00
Ryan Fitzgerald 0 0 0 -2 0 0 0 0 0 0 3/7 9:14 0:00 0:00
Shea Theodore 0 0 0 -2 0 3 1 2 0 0 0/0 22:59 4:06 4:53
3 Stars
1 - Mark Stone (Chi)
2 - Alexander Wennberg (Chi)
3 - Mason Raymond (Chi)
Power Play
Saguenéens - 1 on 6 Attempt(s) - 16.67%
River Frogs - 3 on 9 Attempt(s) - 33.33%
Penalty Kill
Saguenéens - 6 on 9 Attempt(s) - 66.67%
- Score 0 goal in Penalty Kill
River Frogs - 5 on 6 Attempt(s) - 83.33%
- Score 0 goal in Penalty Kill
Team Stat
Saguenéens - Hits : 20 - Faceoff Wins : 29 - Blocked Shots : 13 - Penalty Minutes : 18
River Frogs - Hits : 25 - Faceoff Wins : 46 - Blocked Shots : 10 - Penalty Minutes : 12
Official
Referees : Unknown
Linesman : Unknown
Game Notes
Phoenix Copley enters game at 3:21 of 2nd period
Mark Stone has scored a Hat Trick!
Finance
Level 1 -- Attendance: 1589 (79.45%) -- Ticket Income $63,560
Level 2 -- Attendance: 807 (80.70%) -- Ticket Income $16,140
Total Attendance: 2396 (79.87%)
Total Ticket Income: $79,700
Other Income: $3,985
Total Income: $83,685
Saguenéens
5 vs 5 Forward
Center Left Wing Right Wing Time % Phy DF OF
1 Alexander Wennberg Mason Raymond Garnet Hathaway 40 1 2 2
2 Henrik Samuelsson Carl Hagelin Tobias Rieder 30 1 2 2
3 Mattias Janmark Craig Cunningham Mark Stone 20 1 2 2
4 Mike Amadio Teemu Pulkkinen Rhett Rakhshani 10 1 2 2
5 vs 5 Defense
Defense Defense Time % Phy DF OF
1 Seth Helgeson Nick Mattson 40 1 2 2
2 Robert Hagg Patrick Sieloff 30 1 2 2
3 Duncan Siemens Julius Honka 20 1 2 2
4 Seth Helgeson Nick Mattson 10 1 2 2
PowerPlay Forward
Center Left Wing Right Wing Time % Phy DF OF
1 Alexander Wennberg Mason Raymond Garnet Hathaway 60 1 2 2
2 Henrik Samuelsson Carl Hagelin Tobias Rieder 40 1 2 2
PowerPlay Defense
Defense Defense Time % Phy DF OF
1 Seth Helgeson Nick Mattson 60 1 2 2
2 Robert Hagg Patrick Sieloff 40 1 2 2
Penalty Kill 4 Players Forward
Center Wing Time % Phy DF OF
1 Garnet Hathaway Mason Raymond 60 1 2 2
2 Tobias Rieder Mark Stone 40 1 2 2
Penalty Kill 4 Players Defense
Defense Defense Time % Phy DF OF
1 Seth Helgeson Nick Mattson 60 1 2 2
2 Robert Hagg Patrick Sieloff 40 1 2 2
Penalty Kill - 3 Players Forward
Forward Time % Phy DF OF
1 Garnet Hathaway 60 1 2 2
2 Mason Raymond 40 1 2 2
Penalty Kill - 3 Players Defense
Defense Defense Time % Phy DF OF
1 Seth Helgeson Nick Mattson 60 1 2 2
2 Robert Hagg Patrick Sieloff 40 1 2 2
4 vs 4 Forward
Center Wing Time % Phy DF OF
1 Garnet Hathaway Mason Raymond 60 1 2 2
2 Tobias Rieder Mark Stone 40 1 2 2
4 vs 4 Defense
Defense Defense Time % Phy DF OF
1 Seth Helgeson Nick Mattson 60 1 2 2
2 Robert Hagg Patrick Sieloff 40 1 2 2
Last Minutes Offensive
Center Left Wing Right Wing Defense Defense
Alexander Wennberg Mason Raymond Garnet Hathaway Seth Helgeson Nick Mattson
Last Minutes Defensive
Center Left Wing Right Wing Defense Defense
Alexander Wennberg Mason Raymond Garnet Hathaway Seth Helgeson Nick Mattson
Goaltenders
Starting : Joe Cannata
Backup : Tyler Beskorowany
Extra Forwards
Normal : Craig Cunningham, Rhett Rakhshani, Teemu Pulkkinen - PP : Craig Cunningham, Rhett Rakhshani - PK : Teemu Pulkkinen
Extra Defensemen
Normal : Duncan Siemens, Julius Honka, Robert Hagg - PP : Duncan Siemens - PK : Julius Honka, Robert Hagg
Penalty Shots
Garnet Hathaway, Mason Raymond, Tobias Rieder, Mark Stone, Alexander Wennberg
Scratches
Mikhail Grigorenko (Healthy), Tanner Richard (Healthy), Jake McCabe (Healthy), Juraj Mikus (Healthy), Myles Bell (Healthy)
Dylan Labbe (Healthy), Adam Erne (Healthy), Nick Paul (Healthy), Calle Andersson (Healthy), Clark Bishop (Healthy)
Nikita Scherbak (Healthy), JJ. Piccinich (Healthy), Michael Giugovaz (Healthy)
River Frogs
5 vs 5 Forward
Center Left Wing Right Wing Time % Phy DF OF
1 Leon Draisaitl Matt Calvert Andrew Gordon 40 1 2 2
2 Jared Knight Justin Florek Emerson Etem 30 1 2 2
3 Ryan Fitzgerald Austin Watson James Livingstone 20 1 2 2
4 Maxim Mamin Joakim Nordstrom Ondrej Kase 10 1 2 2
5 vs 5 Defense
Defense Defense Time % Phy DF OF
1 Anthony Bitetto David Kolomatis 40 1 2 2
2 Aaron Ness Shea Theodore 30 1 2 2
3 Dillon Heatherington Anthony Bitetto 20 1 2 2
4 David Kolomatis Aaron Ness 10 1 2 2
PowerPlay Forward
Center Left Wing Right Wing Time % Phy DF OF
1 Leon Draisaitl Matt Calvert Andrew Gordon 60 1 2 2
2 Jared Knight Justin Florek Emerson Etem 40 1 2 2
PowerPlay Defense
Defense Defense Time % Phy DF OF
1 Anthony Bitetto David Kolomatis 60 1 2 2
2 Aaron Ness Shea Theodore 40 1 2 2
Penalty Kill 4 Players Forward
Center Wing Time % Phy DF OF
1 Andrew Gordon Leon Draisaitl 60 1 2 2
2 Emerson Etem Matt Calvert 40 1 2 2
Penalty Kill 4 Players Defense
Defense Defense Time % Phy DF OF
1 Anthony Bitetto David Kolomatis 60 1 2 2
2 Aaron Ness Shea Theodore 40 1 2 2
Penalty Kill - 3 Players Forward
Forward Time % Phy DF OF
1 Andrew Gordon 60 1 2 2
2 Leon Draisaitl 40 1 2 2
Penalty Kill - 3 Players Defense
Defense Defense Time % Phy DF OF
1 Anthony Bitetto David Kolomatis 60 1 2 2
2 Aaron Ness Shea Theodore 40 1 2 2
4 vs 4 Forward
Center Wing Time % Phy DF OF
1 Andrew Gordon Leon Draisaitl 60 1 2 2
2 Emerson Etem Matt Calvert 40 1 2 2
4 vs 4 Defense
Defense Defense Time % Phy DF OF
1 Anthony Bitetto David Kolomatis 60 1 2 2
2 Aaron Ness Shea Theodore 40 1 2 2
Last Minutes Offensive
Center Left Wing Right Wing Defense Defense
Leon Draisaitl Matt Calvert Andrew Gordon Anthony Bitetto David Kolomatis
Last Minutes Defensive
Center Left Wing Right Wing Defense Defense
Leon Draisaitl Matt Calvert Andrew Gordon Anthony Bitetto David Kolomatis
Goaltenders
Starting : François Brassard
Backup : Phoenix Copley
Extra Forwards
Normal : Richard Nejezchleb, Mario Lucia, Francis Perron - PP : Richard Nejezchleb, Mario Lucia - PK : Francis Perron
Extra Defensemen
Normal : Dillon Heatherington, Shea Theodore, Anthony Bitetto - PP : Dillon Heatherington - PK : Shea Theodore, Anthony Bitetto
Penalty Shots
Andrew Gordon, Leon Draisaitl, Emerson Etem, Matt Calvert, Justin Florek
Scratches
Shane Sims (Strained Groin Injury), Thomas Greiss (Healthy)
% Time on Ice - Saguenéens
Lines # - Real PCT - Wanted PCT - Time Play
Normal Forward
1 - 35% - 40% - 13:57
2 - 28% - 30% - 11:11
3 - 25% - 20% - 9:55
4 - 12% - 10% - 4:51
Normal Defense
1 - 43% - 40% - 16:59
2 - 31% - 30% - 12:21
3 - 22% - 20% - 8:51
4 - 4% - 10% - 1:43
PP Forward
1 - 56% - 60% - 4:43
2 - 44% - 40% - 3:38
PP Defense
1 - 56% - 60% - 4:42
2 - 44% - 40% - 3:39
PK Forward
1 - 71% - 60% - 6:37
2 - 29% - 40% - 2:44
PK Defense
1 - 63% - 60% - 5:56
2 - 37% - 40% - 3:25
PK3 Forward
1 - 100% - 60% - 0:34
2 - 0% - 40% - 0:00
PK3 Defense
1 - 68% - 60% - 0:23
2 - 32% - 40% - 0:11
44 Forward
1 - 78% - 60% - 1:26
2 - 22% - 40% - 0:24
44 Defense
1 - 75% - 60% - 1:23
2 - 25% - 40% - 0:27
Last Minute Offensive - 0:00
Last Minute Defensive - 0:00
Total
Forward - 60:00
Defense - 60:00
|
% Time on Ice - River Frogs
Lines # - Real PCT - Wanted PCT - Time Play
Normal Forward
1 - 34% - 40% - 13:40
2 - 28% - 30% - 11:09
3 - 24% - 20% - 9:26
4 - 14% - 10% - 5:39
Normal Defense
1 - 40% - 40% - 15:52
2 - 34% - 30% - 13:37
3 - 18% - 20% - 7:01
4 - 9% - 10% - 3:24
PP Forward
1 - 55% - 60% - 5:29
2 - 45% - 40% - 4:26
PP Defense
1 - 59% - 60% - 5:49
2 - 41% - 40% - 4:06
PK Forward
1 - 75% - 60% - 6:16
2 - 25% - 40% - 2:05
PK Defense
1 - 62% - 60% - 5:10
2 - 38% - 40% - 3:11
PK3 Forward
1 - 0% - 60%
2 - 0% - 40%
PK3 Defense
1 - 0% - 60%
2 - 0% - 40%
44 Forward
1 - 100% - 60% - 1:50
2 - 0% - 40% - 0:00
44 Defense
1 - 59% - 60% - 1:05
2 - 41% - 40% - 0:45
Last Minute Offensive - 0:00
Last Minute Defensive - 0:00
Total
Forward - 60:00
Defense - 60:00
|
Play-by-Play
1st period
0:01 of 1st period - Leon Draisaitl wins face-off versus Mason Raymond in neutral zone.
0:30 of 1st period - Snap shot by Carl Hagelin.
0:30 of 1st period - Shot Blocked by Anthony Bitetto.
0:57 of 1st period - Off-side.
0:58 of 1st period - Maxim Mamin wins face-off versus Mike Amadio in neutral zone.
1:03 of 1st period - Snap shot by Ondrej Kase.
1:03 of 1st period - Deflect By Joakim Nordstrom.
1:03 of 1st period - Stopped by Joe Cannata without a rebound.
1:04 of 1st period - Mike Amadio wins face-off versus Ondrej Kase in Saguenéens zone.
1:15 of 1st period - Wrist shot by Rhett Rakhshani.
1:15 of 1st period - Shot Misses the Net.
1:57 of 1st period - Snap shot by Justin Florek.
1:57 of 1st period - Shot Blocked by Robert Hagg.
2:01 of 1st period - Snap shot by Emerson Etem.
2:01 of 1st period - Deflect By Jared Knight.
2:01 of 1st period - Shot Blocked by Patrick Sieloff.
2:01 of 1st period - Puck is out of play.
2:02 of 1st period - Alexander Wennberg wins face-off versus Ryan Fitzgerald in Saguenéens zone.
2:27 of 1st period - Henrik Samuelsson is hit by Leon Draisaitl and loses puck.
3:27 of 1st period - Garnet Hathaway is hit by James Livingstone and loses puck.
3:34 of 1st period - Snap shot by James Livingstone.
3:34 of 1st period - Stopped by Joe Cannata without a rebound.
3:35 of 1st period - Henrik Samuelsson wins face-off versus Leon Draisaitl in Saguenéens zone.
3:44 of 1st period - Anthony Bitetto is hit by Tobias Rieder and loses puck.
4:05 of 1st period - Wrist shot by James Livingstone.
4:05 of 1st period - Deflect By Ryan Fitzgerald.
4:05 of 1st period - Shot Misses the Net.
4:05 of 1st period - Puck is out of play.
4:06 of 1st period - Ryan Fitzgerald wins face-off versus Alexander Wennberg in Saguenéens zone.
4:15 of 1st period - Snap shot by James Livingstone.
4:15 of 1st period - Shot Blocked by Garnet Hathaway.
4:17 of 1st period - Snap shot by Austin Watson.
4:17 of 1st period - Shot Misses the Net.
4:19 of 1st period - Snap shot by Aaron Ness.
4:19 of 1st period - Shot Blocked by Julius Honka.
4:21 of 1st period - Snap shot by James Livingstone.
4:21 of 1st period - Shot Misses the Net.
4:42 of 1st period - Snap shot by Mark Stone.
4:42 of 1st period - Stopped by François Brassard with a rebound.
5:01 of 1st period - Wrist shot by Tobias Rieder.
5:01 of 1st period - Stopped by François Brassard without a rebound.
5:02 of 1st period - Mason Raymond wins face-off versus Jared Knight in River Frogs zone.
5:13 of 1st period - Snap shot by Garnet Hathaway.
5:13 of 1st period - Shot Blocked by Emerson Etem.
5:15 of 1st period - Slapshot by Robert Hagg.
5:15 of 1st period - Shot Blocked by Jared Knight.
5:38 of 1st period - Icing by Anthony Bitetto.
5:39 of 1st period - Mattias Janmark wins face-off versus Leon Draisaitl in River Frogs zone.
5:40 of 1st period - Snap shot by Mark Stone.
5:40 of 1st period - Shot Misses the Net.
5:42 of 1st period - Slapshot by Seth Helgeson.
5:42 of 1st period - Deflect By Andrew Gordon.
5:42 of 1st period - Stopped by François Brassard with a rebound.
5:44 of 1st period - Slapshot by Craig Cunningham.
5:44 of 1st period - Shot Blocked by David Kolomatis.
5:46 of 1st period - Slapshot by Nick Mattson.
5:46 of 1st period - Stopped by François Brassard with a rebound.
5:48 of 1st period - Wrist shot by Seth Helgeson.
5:48 of 1st period - Deflect By Andrew Gordon.
5:48 of 1st period - Stopped by François Brassard without a rebound.
5:49 of 1st period - Jared Knight wins face-off versus Mattias Janmark in River Frogs zone.
6:00 of 1st period - Snap shot by Mark Stone.
6:00 of 1st period - Shot Misses the Net.
6:02 of 1st period - Snap shot by Nick Mattson.
6:02 of 1st period - Shot Blocked by Shea Theodore.
7:10 of 1st period - Snap shot by Craig Cunningham.
7:10 of 1st period - Shot Blocked by Shea Theodore.
7:12 of 1st period - Backhand shot by Nick Mattson.
7:12 of 1st period - Deflect By Mark Stone.
7:12 of 1st period - Goal by Mark Stone - Saguenéens : 1 - River Frogs : 0.
7:13 of 1st period - Andrew Gordon wins face-off versus Garnet Hathaway in neutral zone.
7:16 of 1st period - Slapshot by Matt Calvert.
7:16 of 1st period - Shot Blocked by Robert Hagg.
7:44 of 1st period - Wrist shot by Austin Watson.
7:44 of 1st period - Deflect By Ryan Fitzgerald.
7:44 of 1st period - Shot Misses the Net.
7:44 of 1st period - Puck is out of play.
7:45 of 1st period - Leon Draisaitl wins face-off versus Henrik Samuelsson in Saguenéens zone.
7:54 of 1st period - Snap shot by Leon Draisaitl.
7:54 of 1st period - Stopped by Joe Cannata without a rebound.
7:55 of 1st period - Alexander Wennberg wins face-off versus Leon Draisaitl in Saguenéens zone.
7:55 of 1st period - Alexander Wennberg is hit by Leon Draisaitl.
8:01 of 1st period - Anthony Bitetto is hit by Mason Raymond and loses puck.
8:36 of 1st period - Slapshot by Mason Raymond.
8:36 of 1st period - Shot Misses the Net.
8:38 of 1st period - Snap shot by Mason Raymond.
8:38 of 1st period - Shot Blocked by Dillon Heatherington.
8:40 of 1st period - Slapshot by Julius Honka.
8:40 of 1st period - Deflect By Anthony Bitetto.
8:40 of 1st period - Stopped by François Brassard with a rebound.
8:42 of 1st period - Wrist shot by Mason Raymond.
8:42 of 1st period - Shot Misses the Net.
8:44 of 1st period - Wrist shot by Alexander Wennberg.
8:44 of 1st period - Goal by Alexander Wennberg - Saguenéens : 2 - River Frogs : 0.
8:45 of 1st period - Henrik Samuelsson wins face-off versus Ryan Fitzgerald in neutral zone.
8:53 of 1st period - Off-side.
8:54 of 1st period - Henrik Samuelsson wins face-off versus Ryan Fitzgerald in neutral zone.
9:15 of 1st period - Slapshot by Tobias Rieder.
9:15 of 1st period - Goal by Tobias Rieder - Saguenéens : 3 - River Frogs : 0.
9:16 of 1st period - Leon Draisaitl wins face-off versus Alexander Wennberg in neutral zone.
9:47 of 1st period - Maxim Mamin is hit by Carl Hagelin and loses puck.
10:03 of 1st period - Icing by Teemu Pulkkinen.
10:04 of 1st period - Jared Knight wins face-off versus Mike Amadio in Saguenéens zone.
10:19 of 1st period - Snap shot by Teemu Pulkkinen.
10:19 of 1st period - Stopped by François Brassard with a rebound.
11:14 of 1st period - Minor Penalty to Seth Helgeson for Hooking.
11:15 of 1st period - Leon Draisaitl wins face-off versus Garnet Hathaway in Saguenéens zone.
11:17 of 1st period - Snap shot by Leon Draisaitl.
11:17 of 1st period - Shot Misses the Net.
11:19 of 1st period - Slapshot by David Kolomatis.
11:19 of 1st period - Stopped by Joe Cannata with a rebound.
11:21 of 1st period - Wrist shot by Andrew Gordon.
11:21 of 1st period - Deflect By Garnet Hathaway.
11:21 of 1st period - Goal by Andrew Gordon - Saguenéens : 3 - River Frogs : 1.
11:22 of 1st period - Leon Draisaitl wins face-off versus Alexander Wennberg in neutral zone.
11:47 of 1st period - Tobias Rieder is hit by David Kolomatis.
12:08 of 1st period - Icing by David Kolomatis.
12:09 of 1st period - Ryan Fitzgerald wins face-off versus Mattias Janmark in River Frogs zone.
12:21 of 1st period - Snap shot by Austin Watson.
12:21 of 1st period - Shot Blocked by Seth Helgeson.
12:23 of 1st period - Snap shot by Austin Watson.
12:23 of 1st period - Stopped by Joe Cannata without a rebound.
12:23 of 1st period - Minor Penalty to Joe Cannata for Slashing.
12:24 of 1st period - Garnet Hathaway wins face-off versus Leon Draisaitl in Saguenéens zone.
14:21 of 1st period - Mark Stone is hit by Jared Knight and loses puck.
14:23 of 1st period - Penalty to Seth Helgeson is over, Seth Helgeson is back on ice.
14:42 of 1st period - Snap shot by Austin Watson.
14:42 of 1st period - Shot Blocked by Teemu Pulkkinen.
14:56 of 1st period - Dillon Heatherington is hit by Seth Helgeson and loses puck.
15:20 of 1st period - Icing by Seth Helgeson.
15:21 of 1st period - Alexander Wennberg wins face-off versus Ryan Fitzgerald in Saguenéens zone.
15:33 of 1st period - Aaron Ness is hit by Alexander Wennberg and loses puck.
17:21 of 1st period - Shea Theodore is hit by Teemu Pulkkinen and loses puck.
17:32 of 1st period - Shea Theodore is hit by Henrik Samuelsson and loses puck.
18:03 of 1st period - Patrick Sieloff is hit by Andrew Gordon and loses puck.
18:22 of 1st period - Aaron Ness is hit by Mark Stone and loses puck.
18:39 of 1st period - Snap shot by Rhett Rakhshani.
18:39 of 1st period - Shot Blocked by James Livingstone.
18:41 of 1st period - Wrist shot by Teemu Pulkkinen.
18:41 of 1st period - Stopped by François Brassard with a rebound.
19:27 of 1st period - Tobias Rieder is hit by Leon Draisaitl and loses puck.
19:34 of 1st period - Snap shot by Andrew Gordon.
19:34 of 1st period - Stopped by Joe Cannata without a rebound.
19:35 of 1st period - Henrik Samuelsson wins face-off versus Leon Draisaitl in Saguenéens zone.
19:48 of 1st period - Snap shot by Leon Draisaitl.
19:48 of 1st period - Shot Misses the Net.
19:50 of 1st period - Slapshot by Matt Calvert.
19:50 of 1st period - Deflect By Andrew Gordon.
19:50 of 1st period - Shot Blocked by Tobias Rieder.
19:50 of 1st period - Puck is out of play.
19:51 of 1st period - Alexander Wennberg wins face-off versus Jared Knight in Saguenéens zone.
Goals for this period are 3 for Saguenéens vs 1 for River Frogs.
Shots for this period are 11 for Saguenéens vs 7 for River Frogs.
2nd period
0:01 of 2nd period - Leon Draisaitl wins face-off versus Alexander Wennberg in neutral zone.
0:06 of 2nd period - Snap shot by Leon Draisaitl.
0:06 of 2nd period - Stopped by Joe Cannata with a rebound.
0:26 of 2nd period - Henrik Samuelsson is hit by David Kolomatis and loses puck.
1:25 of 2nd period - David Kolomatis is hit by Duncan Siemens and loses puck.
1:50 of 2nd period - Wrist shot by Leon Draisaitl.
1:50 of 2nd period - Shot Misses the Net.
1:52 of 2nd period - Snap shot by Andrew Gordon.
1:52 of 2nd period - Deflect By Leon Draisaitl.
1:52 of 2nd period - Shot Misses the Net.
1:52 of 2nd period - Puck is out of play.
1:53 of 2nd period - Jared Knight wins face-off versus Alexander Wennberg in Saguenéens zone.
1:54 of 2nd period - Slapshot by Emerson Etem.
1:54 of 2nd period - Shot Blocked by Alexander Wennberg.
1:56 of 2nd period - Slapshot by Shea Theodore.
1:56 of 2nd period - Stopped by Joe Cannata with a rebound.
1:58 of 2nd period - Slapshot by Aaron Ness.
1:58 of 2nd period - Stopped by Joe Cannata with a rebound.
2:00 of 2nd period - Slapshot by Shea Theodore.
2:00 of 2nd period - Deflect By Garnet Hathaway.
2:00 of 2nd period - Stopped by Joe Cannata with a rebound.
2:02 of 2nd period - Slapshot by Shea Theodore.
2:02 of 2nd period - Stopped by Joe Cannata without a rebound.
2:03 of 2nd period - Jared Knight wins face-off versus Alexander Wennberg in Saguenéens zone.
2:06 of 2nd period - Slapshot by Emerson Etem.
2:06 of 2nd period - Stopped by Joe Cannata without a rebound.
2:07 of 2nd period - Leon Draisaitl wins face-off versus Alexander Wennberg in Saguenéens zone.
2:17 of 2nd period - Minor Penalty to Nick Mattson for Hooking.
2:18 of 2nd period - Andrew Gordon wins face-off versus Garnet Hathaway in Saguenéens zone.
2:18 of 2nd period - Snap shot by Leon Draisaitl.
2:18 of 2nd period - Stopped by Joe Cannata without a rebound.
2:19 of 2nd period - Leon Draisaitl wins face-off versus Garnet Hathaway in Saguenéens zone.
2:26 of 2nd period - Minor Penalty to Leon Draisaitl for Goalie Interference.
2:27 of 2nd period - Andrew Gordon wins face-off versus Garnet Hathaway in River Frogs zone.
2:41 of 2nd period - Snap shot by Garnet Hathaway.
2:41 of 2nd period - Stopped by François Brassard with a rebound.
2:43 of 2nd period - Wrist shot by Seth Helgeson.
2:43 of 2nd period - Deflect By Andrew Gordon.
2:43 of 2nd period - Stopped by François Brassard with a rebound.
3:11 of 2nd period - Slapshot by Tobias Rieder.
3:11 of 2nd period - Shot Misses the Net.
3:13 of 2nd period - Slapshot by Duncan Siemens.
3:13 of 2nd period - Shot Blocked by Aaron Ness.
3:15 of 2nd period - Snap shot by Tobias Rieder.
3:15 of 2nd period - Shot Misses the Net.
3:17 of 2nd period - Wrist shot by Tobias Rieder.
3:17 of 2nd period - Stopped by François Brassard with a rebound.
3:19 of 2nd period - Slapshot by Mark Stone.
3:19 of 2nd period - Stopped by François Brassard with a rebound.
3:21 of 2nd period - Snap shot by Mark Stone.
3:21 of 2nd period - Goal by Mark Stone - Saguenéens : 4 - River Frogs : 1.
3:21 of 2nd period - Phoenix Copley enters game.
3:22 of 2nd period - Andrew Gordon wins face-off versus Garnet Hathaway in neutral zone.
3:31 of 2nd period - Wrist shot by Andrew Gordon.
3:31 of 2nd period - Shot Misses the Net.
3:47 of 2nd period - Robert Hagg is hit by Mario Lucia and loses puck.
4:17 of 2nd period - Penalty to Nick Mattson is over, Nick Mattson is back on ice.
4:18 of 2nd period - Craig Cunningham is hit by Joakim Nordstrom and loses puck.
4:25 of 2nd period - Anthony Bitetto is hit by Nick Mattson and loses puck.
4:26 of 2nd period - Penalty to Leon Draisaitl is over, Leon Draisaitl is back on ice.
4:52 of 2nd period - Snap shot by Leon Draisaitl.
4:52 of 2nd period - Shot Blocked by Patrick Sieloff.
5:00 of 2nd period - Slapshot by Craig Cunningham.
5:00 of 2nd period - Shot Misses the Net.
5:02 of 2nd period - Wrist shot by Garnet Hathaway.
5:02 of 2nd period - Stopped by Phoenix Copley with a rebound.
5:04 of 2nd period - Slapshot by Patrick Sieloff.
5:04 of 2nd period - Stopped by Phoenix Copley with a rebound.
5:12 of 2nd period - Robert Hagg is hit by Joakim Nordstrom and loses puck.
5:19 of 2nd period - David Kolomatis is hit by Garnet Hathaway and loses puck.
5:24 of 2nd period - Snap shot by Garnet Hathaway.
5:24 of 2nd period - Shot Misses the Net.
5:26 of 2nd period - Slapshot by Robert Hagg.
5:26 of 2nd period - Stopped by Phoenix Copley without a rebound.
5:27 of 2nd period - Henrik Samuelsson wins face-off versus Jared Knight in River Frogs zone.
5:38 of 2nd period - Wrist shot by Henrik Samuelsson.
5:38 of 2nd period - Shot Misses the Net.
5:40 of 2nd period - Wrist shot by Carl Hagelin.
5:40 of 2nd period - Deflect By Justin Florek.
5:40 of 2nd period - Shot Misses the Net.
5:40 of 2nd period - Puck is out of play.
5:41 of 2nd period - Henrik Samuelsson wins face-off versus Jared Knight in River Frogs zone.
6:47 of 2nd period - Wrist shot by Emerson Etem.
6:47 of 2nd period - Stopped by Joe Cannata with a rebound.
6:49 of 2nd period - Slapshot by Jared Knight.
6:49 of 2nd period - Stopped by Joe Cannata with a rebound.
7:21 of 2nd period - Snap shot by Austin Watson.
7:21 of 2nd period - Shot Misses the Net.
7:47 of 2nd period - Wrist shot by Andrew Gordon.
7:47 of 2nd period - Shot Misses the Net.
7:49 of 2nd period - Wrist shot by David Kolomatis.
7:49 of 2nd period - Deflect By Patrick Sieloff.
7:49 of 2nd period - Stopped by Joe Cannata without a rebound.
7:50 of 2nd period - Mark Stone wins face-off versus Jared Knight in Saguenéens zone.
8:06 of 2nd period - Minor Penalty to Aaron Ness for High sticking.
8:07 of 2nd period - Andrew Gordon wins face-off versus Alexander Wennberg in River Frogs zone.
8:11 of 2nd period - Andrew Gordon is hit by Seth Helgeson and loses puck.
9:13 of 2nd period - Wrist shot by Matt Calvert.
9:13 of 2nd period - Stopped by Joe Cannata without a rebound.
9:14 of 2nd period - Emerson Etem wins face-off versus Henrik Samuelsson in Saguenéens zone.
10:06 of 2nd period - Penalty to Aaron Ness is over, Aaron Ness is back on ice.
10:42 of 2nd period - Aaron Ness is hit by Mark Stone and loses puck.
11:46 of 2nd period - Snap shot by Alexander Wennberg.
11:46 of 2nd period - Stopped by Phoenix Copley without a rebound.
11:47 of 2nd period - Alexander Wennberg wins face-off versus Maxim Mamin in River Frogs zone.
12:05 of 2nd period - Minor Penalty to Anthony Bitetto for Hooking.
12:06 of 2nd period - Andrew Gordon wins face-off versus Alexander Wennberg in River Frogs zone.
12:18 of 2nd period - Snap shot by Leon Draisaitl.
12:18 of 2nd period - Stopped by Joe Cannata with a rebound.
12:38 of 2nd period - Wrist shot by Seth Helgeson.
12:38 of 2nd period - Stopped by Phoenix Copley with a rebound.
14:05 of 2nd period - Penalty to Anthony Bitetto is over, Anthony Bitetto is back on ice.
14:16 of 2nd period - Mike Amadio is hit by Austin Watson and loses puck.
14:46 of 2nd period - Duncan Siemens is hit by Maxim Mamin and loses puck.
15:46 of 2nd period - David Kolomatis is hit by Duncan Siemens and loses puck.
16:06 of 2nd period - Justin Florek is hit by Craig Cunningham and loses puck.
16:13 of 2nd period - Mark Stone is hit by Jared Knight and loses puck.
16:39 of 2nd period - Andrew Gordon is hit by Mark Stone and loses puck.
17:19 of 2nd period - Nick Mattson is hit by Justin Florek and loses puck.
17:40 of 2nd period - Minor Penalty to Matt Calvert for Tripping.
17:41 of 2nd period - Leon Draisaitl wins face-off versus Alexander Wennberg in River Frogs zone.
18:08 of 2nd period - Snap shot by Henrik Samuelsson.
18:08 of 2nd period - Shot Misses the Net.
18:10 of 2nd period - Slapshot by Henrik Samuelsson.
18:10 of 2nd period - Shot Misses the Net.
18:25 of 2nd period - Anthony Bitetto is hit by Nick Mattson and loses puck.
19:32 of 2nd period - David Kolomatis is hit by Seth Helgeson.
19:40 of 2nd period - Penalty to Matt Calvert is over, Matt Calvert is back on ice.
19:47 of 2nd period - Off-side.
19:48 of 2nd period - Ryan Fitzgerald wins face-off versus Mattias Janmark in neutral zone.
Goals for this period are 1 for Saguenéens vs 0 for River Frogs.
Shots for this period are 10 for Saguenéens vs 12 for River Frogs.
3rd period
0:01 of 3rd period - Leon Draisaitl wins face-off versus Alexander Wennberg in neutral zone.
0:16 of 3rd period - Snap shot by Andrew Gordon.
0:16 of 3rd period - Stopped by Joe Cannata without a rebound.
0:17 of 3rd period - Jared Knight wins face-off versus Henrik Samuelsson in Saguenéens zone.
0:18 of 3rd period - Snap shot by Emerson Etem.
0:18 of 3rd period - Stopped by Joe Cannata without a rebound.
0:19 of 3rd period - Jared Knight wins face-off versus Henrik Samuelsson in Saguenéens zone.
0:20 of 3rd period - Snap shot by Emerson Etem.
0:20 of 3rd period - Shot Misses the Net.
0:22 of 3rd period - Slapshot by David Kolomatis.
0:22 of 3rd period - Stopped by Joe Cannata with a rebound.
0:24 of 3rd period - Slapshot by Jared Knight.
0:24 of 3rd period - Stopped by Joe Cannata with a rebound.
0:26 of 3rd period - Wrist shot by Jared Knight.
0:26 of 3rd period - Shot Misses the Net.
0:28 of 3rd period - Snap shot by Anthony Bitetto.
0:28 of 3rd period - Stopped by Joe Cannata with a rebound.
0:30 of 3rd period - Snap shot by Jared Knight.
0:30 of 3rd period - Deflect By Seth Helgeson.
0:30 of 3rd period - Shot Misses the Net.
0:30 of 3rd period - Puck is out of play.
0:31 of 3rd period - Leon Draisaitl wins face-off versus Mason Raymond in Saguenéens zone.
0:42 of 3rd period - Wrist shot by Matt Calvert.
0:42 of 3rd period - Deflect By Alexander Wennberg.
0:42 of 3rd period - Stopped by Joe Cannata with a rebound.
0:52 of 3rd period - Minor Penalty to Alexander Wennberg for Hooking.
0:53 of 3rd period - Mason Raymond wins face-off versus Leon Draisaitl in Saguenéens zone.
0:53 of 3rd period - Mason Raymond is hit by David Kolomatis.
1:03 of 3rd period - Snap shot by David Kolomatis.
1:03 of 3rd period - Shot Blocked by Seth Helgeson.
1:05 of 3rd period - Wrist shot by Matt Calvert.
1:05 of 3rd period - Goal by Matt Calvert - Saguenéens : 4 - River Frogs : 2.
1:06 of 3rd period - Leon Draisaitl wins face-off versus Alexander Wennberg in neutral zone.
1:50 of 3rd period - Slapshot by Aaron Ness.
1:50 of 3rd period - Stopped by Joe Cannata without a rebound.
1:51 of 3rd period - Austin Watson wins face-off versus Mattias Janmark in Saguenéens zone.
1:58 of 3rd period - Slapshot by Mark Stone.
1:58 of 3rd period - Shot Misses the Net.
2:00 of 3rd period - Slapshot by Robert Hagg.
2:00 of 3rd period - Shot Misses the Net.
2:02 of 3rd period - Snap shot by Mark Stone.
2:02 of 3rd period - Shot Misses the Net.
2:04 of 3rd period - Snap shot by Mark Stone.
2:04 of 3rd period - Stopped by Phoenix Copley with a rebound.
2:06 of 3rd period - Snap shot by Mark Stone.
2:06 of 3rd period - Goal by Mark Stone - Saguenéens : 5 - River Frogs : 2.
2:07 of 3rd period - Leon Draisaitl wins face-off versus Alexander Wennberg in neutral zone.
2:15 of 3rd period - Seth Helgeson is hit by Anthony Bitetto.
2:23 of 3rd period - Snap shot by Leon Draisaitl.
2:23 of 3rd period - Stopped by Joe Cannata without a rebound.
2:24 of 3rd period - Jared Knight wins face-off versus Henrik Samuelsson in Saguenéens zone.
2:35 of 3rd period - Snap shot by Henrik Samuelsson.
2:35 of 3rd period - Stopped by Phoenix Copley without a rebound.
2:36 of 3rd period - Mason Raymond wins face-off versus Leon Draisaitl in River Frogs zone.
2:41 of 3rd period - Wrist shot by Alexander Wennberg.
2:41 of 3rd period - Goal by Alexander Wennberg - Saguenéens : 6 - River Frogs : 2.
2:42 of 3rd period - Leon Draisaitl wins face-off versus Alexander Wennberg in neutral zone.
2:46 of 3rd period - Off-side.
2:47 of 3rd period - Alexander Wennberg wins face-off versus Leon Draisaitl in neutral zone.
2:50 of 3rd period - Slapshot by Nick Mattson.
2:50 of 3rd period - Deflect By Andrew Gordon.
2:50 of 3rd period - Stopped by Phoenix Copley without a rebound.
2:51 of 3rd period - Alexander Wennberg wins face-off versus Leon Draisaitl in River Frogs zone.
2:56 of 3rd period - Wrist shot by Mason Raymond.
2:56 of 3rd period - Goal by Mason Raymond - Saguenéens : 7 - River Frogs : 2.
2:57 of 3rd period - Alexander Wennberg wins face-off versus Andrew Gordon in neutral zone.
3:04 of 3rd period - Wrist shot by Garnet Hathaway.
3:04 of 3rd period - Shot Misses the Net.
3:07 of 3rd period - Icing by David Kolomatis.
3:08 of 3rd period - Leon Draisaitl wins face-off versus Alexander Wennberg in River Frogs zone.
3:46 of 3rd period - Snap shot by Andrew Gordon.
3:46 of 3rd period - Stopped by Joe Cannata with a rebound.
3:48 of 3rd period - Snap shot by Matt Calvert.
3:48 of 3rd period - Shot Misses the Net.
3:50 of 3rd period - Backhand shot by David Kolomatis.
3:50 of 3rd period - Deflect By Leon Draisaitl.
3:50 of 3rd period - Shot Misses the Net.
3:50 of 3rd period - Puck is out of play.
3:51 of 3rd period - Jared Knight wins face-off versus Alexander Wennberg in Saguenéens zone.
3:54 of 3rd period - Snap shot by Emerson Etem.
3:54 of 3rd period - Stopped by Joe Cannata with a rebound.
3:56 of 3rd period - Wrist shot by Justin Florek.
3:56 of 3rd period - Stopped by Joe Cannata without a rebound.
3:57 of 3rd period - Jared Knight wins face-off versus Alexander Wennberg in Saguenéens zone.
4:19 of 3rd period - Off-side.
4:20 of 3rd period - Leon Draisaitl wins face-off versus Henrik Samuelsson in neutral zone.
4:28 of 3rd period - Minor Penalty to Nick Mattson for Roughing.
4:29 of 3rd period - Leon Draisaitl wins face-off versus Garnet Hathaway in Saguenéens zone.
4:33 of 3rd period - Snap shot by Andrew Gordon.
4:33 of 3rd period - Goal by Andrew Gordon - Saguenéens : 7 - River Frogs : 3.
4:34 of 3rd period - Andrew Gordon wins face-off versus Alexander Wennberg in neutral zone.
4:47 of 3rd period - Slapshot by Seth Helgeson.
4:47 of 3rd period - Deflect By Mason Raymond.
4:47 of 3rd period - Shot Misses the Net.
4:47 of 3rd period - Puck is out of play.
4:48 of 3rd period - Alexander Wennberg wins face-off versus Matt Calvert in River Frogs zone.
5:17 of 3rd period - Off-side.
5:18 of 3rd period - Henrik Samuelsson wins face-off versus Jared Knight in neutral zone.
5:31 of 3rd period - Snap shot by Justin Florek.
5:31 of 3rd period - Stopped by Joe Cannata without a rebound.
5:32 of 3rd period - Leon Draisaitl wins face-off versus Alexander Wennberg in Saguenéens zone.
5:33 of 3rd period - Slapshot by Matt Calvert.
5:33 of 3rd period - Stopped by Joe Cannata with a rebound.
5:57 of 3rd period - Henrik Samuelsson is hit by Jared Knight and loses puck.
6:30 of 3rd period - Wrist shot by Ryan Fitzgerald.
6:30 of 3rd period - Shot Blocked by Patrick Sieloff.
7:27 of 3rd period - Snap shot by Tobias Rieder.
7:27 of 3rd period - Shot Blocked by Justin Florek.
7:33 of 3rd period - Minor Penalty to Duncan Siemens for Tripping.
7:34 of 3rd period - Garnet Hathaway wins face-off versus Matt Calvert in Saguenéens zone.
8:26 of 3rd period - Mark Stone is hit by Leon Draisaitl and loses puck.
8:41 of 3rd period - Snap shot by Teemu Pulkkinen.
8:41 of 3rd period - Deflect By Justin Florek.
8:41 of 3rd period - Stopped by Phoenix Copley without a rebound.
8:42 of 3rd period - Teemu Pulkkinen wins face-off versus Jared Knight in River Frogs zone.
9:33 of 3rd period - Penalty to Duncan Siemens is over, Duncan Siemens is back on ice.
10:01 of 3rd period - Snap shot by Henrik Samuelsson.
10:01 of 3rd period - Shot Misses the Net.
10:17 of 3rd period - Wrist shot by Ondrej Kase.
10:17 of 3rd period - Stopped by Joe Cannata with a rebound.
10:24 of 3rd period - Minor Penalty to Patrick Sieloff for Holding.
10:25 of 3rd period - Garnet Hathaway wins face-off versus Leon Draisaitl in Saguenéens zone.
10:37 of 3rd period - Mason Raymond is hit by Matt Calvert and loses puck.
10:58 of 3rd period - Julius Honka is hit by Jared Knight and loses puck.
11:19 of 3rd period - Mark Stone is hit by Jared Knight and loses puck.
11:49 of 3rd period - Minor Penalty to Seth Helgeson for Hooking.
11:50 of 3rd period - Garnet Hathaway wins face-off versus Leon Draisaitl in Saguenéens zone.
12:24 of 3rd period - Penalty to Patrick Sieloff is over, Patrick Sieloff is back on ice.
13:13 of 3rd period - David Kolomatis is hit by Tobias Rieder.
13:27 of 3rd period - Teemu Pulkkinen is hit by Shea Theodore and loses puck.
13:49 of 3rd period - Penalty to Seth Helgeson is over, Seth Helgeson is back on ice.
14:10 of 3rd period - Icing by Seth Helgeson.
14:11 of 3rd period - Maxim Mamin wins face-off versus Mattias Janmark in Saguenéens zone.
14:13 of 3rd period - Minor Penalty to Anthony Bitetto for Roughing.
14:14 of 3rd period - Alexander Wennberg wins face-off versus Andrew Gordon in River Frogs zone.
14:28 of 3rd period - Slapshot by Garnet Hathaway.
14:28 of 3rd period - Deflect By Mason Raymond.
14:28 of 3rd period - Shot Misses the Net.
14:28 of 3rd period - Puck is out of play.
14:29 of 3rd period - Andrew Gordon wins face-off versus Alexander Wennberg in River Frogs zone.
15:30 of 3rd period - Carl Hagelin is hit by Matt Calvert and loses puck.
15:43 of 3rd period - Seth Helgeson is hit by Andrew Gordon and loses puck.
16:13 of 3rd period - Penalty to Anthony Bitetto is over, Anthony Bitetto is back on ice.
16:16 of 3rd period - Minor Penalty to Henrik Samuelsson for Hooking.
16:17 of 3rd period - Jared Knight wins face-off versus Mason Raymond in Saguenéens zone.
17:08 of 3rd period - Emerson Etem is hit by Tobias Rieder and loses puck.
18:16 of 3rd period - Penalty to Henrik Samuelsson is over, Henrik Samuelsson is back on ice.
18:25 of 3rd period - Minor Penalty to James Livingstone for Tripping.
18:26 of 3rd period - Alexander Wennberg wins face-off versus Andrew Gordon in River Frogs zone.
18:39 of 3rd period - Slapshot by Garnet Hathaway.
18:39 of 3rd period - Shot Misses the Net.
18:41 of 3rd period - Slapshot by Patrick Sieloff.
18:41 of 3rd period - Deflect By Aaron Ness.
18:41 of 3rd period - Goal by Patrick Sieloff - Saguenéens : 8 - River Frogs : 3.
18:42 of 3rd period - Leon Draisaitl wins face-off versus Alexander Wennberg in neutral zone.
18:45 of 3rd period - Slapshot by David Kolomatis.
18:45 of 3rd period - Deflect By Seth Helgeson.
18:45 of 3rd period - Stopped by Joe Cannata with a rebound.
18:47 of 3rd period - Wrist shot by Leon Draisaitl.
18:47 of 3rd period - Stopped by Joe Cannata without a rebound.
18:48 of 3rd period - Leon Draisaitl wins face-off versus Alexander Wennberg in Saguenéens zone.
18:49 of 3rd period - Wrist shot by Andrew Gordon.
18:49 of 3rd period - Stopped by Joe Cannata with a rebound.
18:51 of 3rd period - Slapshot by Anthony Bitetto.
18:51 of 3rd period - Shot Blocked by Nick Mattson.
19:35 of 3rd period - Snap shot by Mattias Janmark.
19:35 of 3rd period - Stopped by Phoenix Copley with a rebound.
19:37 of 3rd period - Snap shot by Mark Stone.
19:37 of 3rd period - Shot Misses the Net.
19:39 of 3rd period - Slapshot by Mattias Janmark.
19:39 of 3rd period - Stopped by Phoenix Copley without a rebound.
19:40 of 3rd period - Leon Draisaitl wins face-off versus Mattias Janmark in River Frogs zone.
Goals for this period are 4 for Saguenéens vs 2 for River Frogs.
Shots for this period are 10 for Saguenéens vs 19 for River Frogs.
Back to the Top